 Dungeon Sprint DCSS version 0.16-a0-3803-gd4b2de5 (console) character file.

46830 Monkaria the Fencer (level 14, -1/148 HPs)
             Began as a Hill Orc Fighter on Jan 26, 2015.
             Was the Champion of Makhleb.
             Shot with an arrow by a deep elf master archer (10 damage)
             ... in the Dungeon (Sprint IX: "|||||||||||||||||||||||||||||").
             The game lasted 00:26:30 (3390 turns).

Monkaria the Fencer (Hill Orc Fighter)              Turns: 3390, Time: 00:26:31

Health: -1/148     AC: 29    Str: 26    XL:     14   Next: 39%
Magic:  33/33      EV: 15    Int:  6    God:    Makhleb [******]
Gold:   1200       SH:  0    Dex: 13    Spells: 0 memorised, 13 levels left

rFire  + . .     SeeInvis .     p - +2 scimitar (flame)
rCold  + . .     Clarity  .     s - +0 plate armour
rNeg   . . .     SustAb   .     (no shield)
rPois  .         Gourm    .     C - +0 helmet
rElec  .         Spirit   .     q - +1 cloak
rCorr  .         Warding  .     D - +0 pair of gloves
rMut   .         NoTele   +     r - +2 pair of boots
MR     +....                    x - amulet "Griam" {Regen+ Str+2 Dex+3}
Stlth  ..........               F - ring of protection from cold
                                G - ring of protection from fire

@: marked, somewhat resistant to hostile enchantments, extremely unstealthy
A: claws 1, slimy green scales 1, camouflage 1, blurry vision 1, dopey 1, no
device heal 1
a: Minor Destruction, Lesser Servant of Makhleb, Major Destruction, Greater
Servant of Makhleb, Renounce Religion


You were in the Dungeon.
You worshipped Makhleb.
Makhleb was exalted by your worship.
You were near starving.

You visited 1 branch You collected 1915 gold pieces.
You spent 715 gold pieces at shops.

Inventory:

Hand weapons
 g - a +1 great sword of holy wrath
 p - a +2 scimitar of flaming (weapon)
 I - the +3 long sword of Karma {slice, +Blink rElec MP+9 Str+6 Int-4 SInv}
   (You found it in the Dungeon)

   It inflicts extra damage upon your enemies.
   It affects your strength (+6).
   It affects your intelligence (-4).
   It insulates you from electricity.
   It affects your magic capacity (+9).
   It enhances your eyesight.
   It lets you blink.
Missiles
 a - 2 tomahawks (quivered)
Armour
 b - a +2 chain mail of fire resistance
 q - a +1 cloak (worn)
 r - a +2 pair of boots (worn)
 s - a +0 plate armour (worn)
 C - a +0 helmet (worn)
 D - a +0 pair of gloves (worn)
 J - a +1 fire dragon armour
 K - a +0 shadow dragon armour
 L - a +1 large shield
 M - the +0 chain mail of the Trees {+Blink}
   (You found it in the Dungeon)

   It lets you blink.
Jewellery
 t - a +3 ring of dexterity
 u - a +2 ring of evasion
 x - the amulet "Griam" (around neck) {Regen+ Str+2 Dex+3}
   (You found it in the Dungeon)

   [amulet of regeneration]

   It affects your strength (+2).
   It affects your dexterity (+3).
   It increases your rate of regeneration.
 E - an uncursed ring of protection from magic
 F - a ring of protection from cold (right hand)
 G - a ring of protection from fire (left hand)
 H - an uncursed ring of sustain abilities
Magical devices
 o - a wand of draining (1)
Scrolls
 m - 2 scrolls of remove curse
 n - 2 scrolls of amnesia
 w - a scroll of identify
 y - 4 scrolls of fear
 z - 6 scrolls of enchant armour
Potions
 e - 2 potions of might
 f - 5 potions of curing
 h - 2 potions of haste
 i - 4 potions of magic
 j - 3 potions of berserk rage
 l - a potion of invisibility
 v - a potion of restore abilities
 O - a potion of agility
Comestibles
 d - 13 meat rations
 A - 40 fruits
 B - 11 bread rations


   Skills:
 - Level 20.1 Fighting
 + Level 20.7 Long Blades
 - Level 17.3 Armour
 - Level 15.0 Dodging
 - Level 3.2 Shields
 - Level 19.0 Invocations


You had 13 spell levels left.
You didn't know any spells.

Dungeon Overview and Level Annotations

Branches:
Dungeon (1/1)

Altars:
Cheibriados
Dithmenos
Elyvilon
Fedhas
Gozag
Kikubaaqudgha
Makhleb
Nemelex Xobeh
Okawaru
Qazlal
Ru
Sif Muna
Trog
Vehumet
Xom
Yredelemnul
Zin
The Shining One
Beogh
Jiyva
Lugonu

Shops:
D ((:*


Innate Abilities, Weirdness & Mutations

You have sharp fingernails.
You are partially covered in slimy green scales (AC +2).
Your skin changes colour to match your surroundings (Stealth).
Scrolls take you a little longer to read.
You are dopey. (Int -2)
Potions and wands are less effective at restoring your health.


Message History

The deep elf master archer shoots an arrow.
The arrow barely misses you.
Use which ability? (? or * to list)
A demon appears!
You are near starving!
The deep elf master archer shoots an arrow.
The arrow hits you!
* * * LOW HITPOINT WARNING * * *
The arrow burns you.
* * * LOW HITPOINT WARNING * * *
Drink which item? (? for menu, Esc to quit)
You feel better.
The deep elf master archer shoots an arrow.
The arrow hits you.
* * * LOW HITPOINT WARNING * * *
The arrow burns you.
* * * LOW HITPOINT WARNING * * *
The deep elf master archer shoots an arrow.
The arrow hits you!
You die...

▓.▓.▓)▓.▓.▓.▓.▓.▓.
▓+▓[▓)▓.▓.▓.▓.▓.▓†
▓(▓.▓)▓.▓.▓.▓.▓.▓.
▓)▓.▓)▓.▓.▓.▓.▓.▓.
▓.▓.▓.▓.▓.▓.▓.▓.▓.
▓)▓.▓.▓.▓.▓.▓)▓.▓†
▓)▓.▓.▓.▓[▓.▓)▓.▓'
▓2▓.▓.▓.▓'▓.▓)▓.▓.
▓@▓.▓.▓.▓.▓.▓.▓.▓.
▓e▓.▓.▓.▓)▓.▓)▓.▓.
▓W▓.♣÷♣.▓)▓.▓.▓.▓.
▓s▓.♣)♣.▓.▓.▓∩▓.▓.
▓p▓.♣.♣.▓.▓.▓)▓.▓.
▓p▓.♣.♣.▓.▓.▓∩▓.▓.
▓p▓.♣.♣.▓.▓.▓.▓.▓.
▓*▓.♣.♣.▓.▓.▓∩▓.▓(
▓.▓.♣)♣.▓.▓.▓.▓.▓.


You could see an orb of fire, a deep elf master archer, a vault guard, 2
ironbrand convokers, a freezing wraith, a redback and a friendly balrug.

Vanquished Creatures
  A vault warden (D)
  A frost giant (D)
  Gastronok (D)
  2 ironheart preservers (D)
  2 very ugly things (D)
  2 stone giants (D)
  A minotaur (D)
  2 fire dragons (D)
  A rakshasa (D)
  A deep elf high priest (D)
  An ice dragon (D)
  2 yaktaur captains (D)
  An ogre mage (D)
  A deep troll shaman (D)
  A death yak (D)
  A vampire mage (D)
  A satyr (D)
  Urug (D)
  A hell knight (D)
  A giant orange brain (D)
  2 sea snakes (D)
  An ironbrand convoker (D)
  A hill giant (D)
  4 orc knights (D)
  3 wolf spiders (D)
  5 orc sorcerers (D)
  3 ugly things (D)
  A necromancer (D)
  A wizard (D)
  A moth of wrath (D)
  A stone giant zombie (D)
  A griffon (D)
  A harpy (D)
  2 manticores (D)
  3 vault sentinels (D)
  An octopode (shapeshifter) (D)
  A black mamba (D)
  A demonic crawler (D)
  3 komodo dragons (D)
  A queen bee (shapeshifter) (D)
  A blue devil (D)
  A fire drake (shapeshifter) (D)
  2 trolls (D)
  A wind drake (D)
  A blink frog (D)
  A deep troll zombie (D)
  2 water elementals (D)
  A deep elf mage (D)
  A snapping turtle (D)
  2 trapdoor spiders (D)
  A tarantella (D)
  A shadow (D)
  A vampire (D)
  A wyvern (D)
  2 yaks (D)
  A vampire mosquito (D)
  2 porcupines (D)
  A water moccasin (D)
  An eye of draining (D)
  2 ice beasts (D)
  8 orc warriors (D)
  An orc zombie (D)
  A crocodile (D)
  2 boggarts (D)
  A wasp (D)
  2 giant frogs (D)
  A vampire mosquito zombie (D)
  2 scorpions (D)
  A crimson imp (D)
  A quasit (D)
  2 orc priests (D)
  8 orc wizards (D)
  2 iguanas (D)
  4 adders (D)
  A river rat (D)
  An adder skeleton (D)
  A giant gecko (D)
  6 orcs (D)
  A bat skeleton (D)
  A bat zombie (D)
  A giant cockroach (D)
  4 hobgoblins (D)
  4 jackals (D)
  A quokka (D)
  A ball python (D)
  A bat (D)
  2 giant newts (D)
  A goblin (D)
  2 rats (D)
152 creatures vanquished.

Vanquished Creatures (collateral kills)
  2 thorn hunters (D)
  A greater naga (D)
  An anaconda (D)
  2 death yaks (D)
  A shock serpent (D)
  2 catoblepae (D)
  2 spriggans (D)
  7 orc sorcerers (D)
  Maurice (D)
  3 naga magi (D)
  A spiny frog (D)
  3 yaks (D)
  2 nagas (D)
  A swamp drake (D)
  A water moccasin (D)
  3 orc zombies (D)
  2 wasps (D)
  An orc wizard (D)
36 creatures vanquished.

Vanquished Creatures (others)
  2 Executioners (D)
  A deep elf knight (D)
  2 boggarts (D)
  A briar patch (D)
  A fungus (D)
  A plant (D)
8 creatures vanquished.

Grand Total: 196 creatures vanquished

Notes
Turn   | Place    | Note
--------------------------------------------------------------
     0 | D        | Monkaria, the Hill Orc Fighter, began the quest for the Orb.
     0 | D        | Reached XP level 1. HP: 19/19 MP: 1/1
     9 | D        | Reached skill level 4 in Fighting
    54 | D        | Noticed a crimson imp
    77 | D        | Reached XP level 2. HP: 24/28 MP: 2/2
    89 | D        | Found a glowing silver altar of Zin.
    89 | D        | Found a glowing golden altar of the Shining One.
    89 | D        | Found an ancient bone altar of Kikubaaqudgha.
    89 | D        | Found a basalt altar of Yredelemnul.
    89 | D        | Found a shimmering altar of Xom.
    89 | D        | Found a radiant altar of Vehumet.
    89 | D        | Found an iron altar of Okawaru.
    90 | D        | Found a burning altar of Makhleb.
    91 | D        | Found a deep blue altar of Sif Muna.
    92 | D        | Found a bloodstained altar of Trog.
    93 | D        | Found a sparkling altar of Nemelex Xobeh.
    94 | D        | Found a white marble altar of Elyvilon.
    95 | D        | Found a roughly hewn altar of Beogh.
   107 | D        | Killed a crimson imp
   107 | D        | Reached skill level 5 in Fighting
   107 | D        | Reached skill level 6 in Long Blades
   107 | D        | Reached XP level 3. HP: 25/37 MP: 3/3
   108 | D        | Found a viscous altar of Jiyva.
   109 | D        | Found a corrupted altar of Lugonu.
   110 | D        | Found a blossoming altar of Fedhas.
   111 | D        | Became a worshipper of Makhleb the Destroyer
   112 | D        | Found a snail-covered altar of Cheibriados.
   113 | D        | Found a shadowy altar of Dithmenos.
   114 | D        | Found a stormy altar of Qazlal.
   115 | D        | Found an opulent altar of Gozag.
   116 | D        | Found a sacrificial altar of Ru.
   202 | D        | Noticed a deep elf mage
   202 | D        | Noticed a quasit
   203 | D        | Acquired Makhleb's first power
   206 | D        | Killed a deep elf mage
   206 | D        | Reached skill level 8 in Fighting
   206 | D        | Reached skill level 10 in Long Blades
   206 | D        | Reached XP level 4. HP: 44/49 MP: 4/4
   206 | D        | Reached XP level 5. HP: 50/56 MP: 5/5
   209 | D        | Killed a quasit
   209 | D        | Acquired Makhleb's second power
   209 | D        | Reached XP level 6. HP: 60/63 MP: 6/6
   233 | D        | Noticed a wyvern
   233 | D        | Noticed a red ugly thing
   233 | D        | Noticed a troll
   235 | D        | Killed a wyvern
   235 | D        | Reached skill level 10 in Fighting
   235 | D        | Reached skill level 12 in Long Blades
   237 | D        | Acquired Makhleb's third power
   245 | D        | Killed a red ugly thing
   245 | D        | Reached skill level 14 in Long Blades
   245 | D        | Reached XP level 7. HP: 41/75 MP: 7/7
   245 | D        | Killed a troll
   245 | D        | Acquired Makhleb's fourth power
   245 | D        | Reached XP level 8. HP: 58/83 MP: 8/8
   252 | D        | Noticed a trapdoor spider
   259 | D        | Killed a trapdoor spider
   259 | D        | Reached skill level 15 in Long Blades
   401 | D        | Got the amulet "Griam" {Regen+ Str+2 Dex+3}
   414 | D        | Noticed an iguana
   414 | D        | Noticed a komodo dragon
   414 | D        | Noticed a porcupine
   414 | D        | Noticed an iguana
   414 | D        | Noticed a komodo dragon
   414 | D        | Noticed a crocodile
   424 | D        | Killed a komodo dragon
   428 | D        | Killed an iguana
   431 | D        | Killed a porcupine
   431 | D        | Acquired Makhleb's fifth power
   433 | D        | Killed an iguana
   435 | D        | Noticed a yak
   442 | D        | Killed a komodo dragon
   442 | D        | Reached XP level 9. HP: 20/90 MP: 10/23
   444 | D        | Killed a crocodile
   453 | D        | Killed a yak
   531 | D        | Noticed a blink frog
   531 | D        | Noticed a giant frog
   531 | D        | Noticed a komodo dragon
   531 | D        | Noticed a porcupine
   531 | D        | Noticed a water moccasin
   535 | D        | Noticed a giant frog
   544 | D        | Killed a giant frog
   546 | D        | Killed a komodo dragon
   547 | D        | Killed a porcupine
   549 | D        | Killed a blink frog
   549 | D        | Reached skill level 15 in Invocations
   558 | D        | Killed a water moccasin
   560 | D        | Killed a giant frog
   598 | D        | Noticed a yak
   598 | D        | Noticed a yak
   598 | D        | Noticed a death yak
   598 | D        | Noticed a catoblepas
   598 | D        | Noticed a catoblepas
   598 | D        | Noticed a yak
   598 | D        | Noticed a yak
   599 | D        | Noticed a death yak
   603 | D        | Killed a yak
   603 | D        | Reached skill level 16 in Invocations
   628 | D        | Killed a death yak
   636 | D        | Killed a catoblepas
   636 | D        | Reached skill level 17 in Invocations
   636 | D        | Reached XP level 10. HP: 97/97 MP: 28/28
   675 | D        | Killed a catoblepas
   675 | D        | Reached skill level 18 in Invocations
   677 | D        | Killed a death yak
   679 | D        | Killed a yak
   680 | D        | Killed a yak
   681 | D        | Killed a yak
   681 | D        | Reached skill level 19 in Invocations
   821 | D        | Noticed an orc wizard
   821 | D        | Noticed an orc wizard
   821 | D        | Noticed an orc priest
   821 | D        | Noticed an orc warrior
   821 | D        | Noticed an orc wizard
   821 | D        | Noticed an orc wizard
   821 | D        | Noticed an orc wizard
   824 | D        | Killed an orc wizard
   825 | D        | Noticed an orc wizard
   828 | D        | Killed an orc warrior
   830 | D        | Noticed an orc priest
   830 | D        | Killed an orc wizard
   833 | D        | Killed an orc priest
   834 | D        | Killed an orc wizard
   834 | D        | Reached skill level 5 in Armour
   837 | D        | Killed an orc wizard
   840 | D        | Killed an orc wizard
   848 | D        | Killed an orc wizard
   852 | D        | Killed an orc priest
   900 | D        | Noticed an orc warrior
   900 | D        | Noticed an orc sorcerer
   900 | D        | Noticed an orc knight
   900 | D        | Noticed an orc warrior
   900 | D        | Noticed an orc warrior
   900 | D        | Noticed an orc warrior
   900 | D        | Noticed an orc warrior
   901 | D        | Noticed an orc warrior
   905 | D        | Noticed an orc sorcerer
   906 | D        | Killed an orc sorcerer
   933 | D        | Killed an orc knight
   936 | D        | Killed an orc warrior
   943 | D        | Noticed an orc knight
   944 | D        | Killed an orc warrior
   953 | D        | Noticed a soul eater
   953 | D        | Noticed an orc knight
   960 | D        | Killed an orc sorcerer
   960 | D        | Reached skill level 10 in Armour
   970 | D        | Killed an orc knight
   970 | D        | Reached XP level 11. HP: 47/104 MP: 31/31
   972 | D        | Killed an orc warrior
  1010 | D        | Killed an orc knight
  1014 | D        | Killed an orc warrior
  1130 | D        | Killed an orc warrior
  1144 | D        | Killed an orc warrior
  1294 | D        | Found Niud's Weapon Emporium.
  1294 | D        | Noticed an orc sorcerer
  1294 | D        | Noticed an orc sorcerer
  1294 | D        | Noticed an orc sorcerer
  1294 | D        | Noticed an orc sorcerer
  1294 | D        | Noticed an orc sorcerer
  1294 | D        | Noticed an orc sorcerer
  1295 | D        | Noticed a soul eater
  1296 | D        | Killed an orc sorcerer
  1307 | D        | Killed an orc sorcerer
  1311 | D        | Killed an orc sorcerer
  1311 | D        | Killed an orc sorcerer
  1314 | D        | Killed an orc sorcerer
  1315 | D        | Killed an orc sorcerer
  1319 | D        | Noticed an orc wizard
  1322 | D        | Found Ghoruvia's Weapon Shoppe.
  1324 | D        | Killed an orc wizard
  1326 | D        | Noticed an orc sorcerer
  1326 | D        | Found Gifuap's Book Emporium.
  1328 | D        | Found Xismaf Sucuy's General Store.
  1328 | D        | Noticed an orc sorcerer
  1330 | D        | Noticed an orc sorcerer
  1333 | D        | Killed an orc sorcerer
  1333 | D        | Reached skill level 15 in Armour
  1334 | D        | Noticed an orc wizard
  1335 | D        | Noticed an orc sorcerer
  1337 | D        | Killed an orc sorcerer
  1340 | D        | Noticed an orc wizard
  1342 | D        | Paralysed by an orc sorcerer for 6 turns
  1346 | D        | Killed an orc sorcerer
  1348 | D        | Killed an orc wizard
  1356 | D        | Killed an orc sorcerer
  1363 | D        | Killed an orc wizard
  1429 | D        | Bought a scroll of acquirement for 676 gold pieces
  1429 | D        | Bought a potion of curing for 39 gold pieces
  1496 | D        | Noticed Gastronok
  1498 | D        | Noticed Urug
  1513 | D        | Killed Gastronok
  1525 | D        | Killed Urug
  1591 | D        | Got the +3 long sword of Karma {slice, +Blink rElec MP+9 Str+6 Int-4 SInv}
  1613 | D        | Got the cursed +0 chain mail of the Trees {+Blink}
  1662 | D        | Noticed an eye of draining
  1662 | D        | Noticed a fire drake
  1662 | D        | Noticed an ice beast
  1662 | D        | Noticed an ice beast
  1662 | D        | Noticed a griffon
  1662 | D        | Noticed an orc warrior
  1662 | D        | Noticed a troll
  1663 | D        | Noticed a boggart
  1666 | D        | Killed an eye of draining
  1670 | D        | Killed a fire drake
  1673 | D        | Killed an ice beast
  1678 | D        | Noticed a minotaur
  1682 | D        | Killed an ice beast
  1690 | D        | Killed a griffon
  1692 | D        | Noticed a wizard
  1699 | D        | Killed an orc warrior
  1710 | D        | Noticed a cyan very ugly thing
  1714 | D        | Killed a troll
  1718 | D        | Killed a boggart
  1718 | D        | Reached XP level 12. HP: 107/112 MP: 30/32
  1721 | D        | Noticed a green ugly thing
  1729 | D        | Noticed a draconian
  1739 | D        | Noticed an ogre mage
  1740 | D        | Killed a minotaur
  1742 | D        | a draconian changed into a shapeshifter
  1745 | D        | Killed a wizard
  1749 | D        | Noticed a fire dragon
  1764 | D        | Killed a cyan very ugly thing
  1774 | D        | Killed a purple ugly thing
  1803 | D        | Killed a fire dragon
  1821 | D        | Killed an ogre mage
  1834 | D        | Gained mutation: You are covered in fur (AC +1). [mutagenic meat]
  1835 | D        | Gained mutation: You are dopey. (Int -2) [mutagenic meat]
  1836 | D        | Gained mutation: You evolve. [mutagenic meat]
  1837 | D        | Gained mutation: You are partially covered in slimy green scales (AC +2). [mutagenic meat]
  1839 | D        | Gained mutation: You have sharp fingernails. [mutagenic meat]
  1993 | D        | Noticed a moth of wrath
  1993 | D        | Noticed a scorpion
  1993 | D        | Noticed a scorpion
  1993 | D        | Noticed a tarantella
  1993 | D        | Noticed a wolf spider
  1993 | D        | Noticed a demonic crawler
  1993 | D        | Noticed a wolf spider
  1998 | D        | Killed a moth of wrath
  1999 | D        | Noticed a trapdoor spider
  2000 | D        | Killed a scorpion
  2000 | D        | Reached skill level 20 in Long Blades
  2001 | D        | Noticed a wasp
  2003 | D        | Killed a scorpion
  2007 | D        | Killed a tarantella
  2010 | D        | Killed a wolf spider
  2025 | D        | Killed a demonic crawler
  2034 | D        | Killed a wolf spider
  2040 | D        | Killed a trapdoor spider
  2042 | D        | Killed a wasp
  2098 | D        | Noticed a satyr
  2098 | D        | Noticed a manticore
  2098 | D        | Noticed a snapping turtle
  2098 | D        | Noticed a wind drake
  2098 | D        | Noticed a manticore
  2098 | D        | Noticed a water elemental
  2098 | D        | Noticed a sea snake
  2099 | D        | Noticed a water elemental
  2103 | D        | Killed a satyr
  2104 | D        | Noticed a sea snake
  2109 | D        | Killed a manticore
  2121 | D        | Killed a snapping turtle
  2132 | D        | Killed a wind drake
  2134 | D        | Killed a manticore
  2138 | D        | Killed a water elemental
  2146 | D        | Killed a sea snake
  2150 | D        | Killed a water elemental
  2150 | D        | Reached skill level 15 in Fighting
  2155 | D        | Killed a sea snake
  2170 | D        | Noticed a black mamba
  2170 | D        | Noticed a naga mage
  2170 | D        | Noticed a shock serpent
  2170 | D        | Noticed a naga
  2170 | D        | Noticed a greater naga
  2170 | D        | Noticed a naga mage
  2170 | D        | Noticed a naga mage
  2177 | D        | Killed a black mamba
  2177 | D        | Reached skill level 1 in Dodging
  2179 | D        | Killed a naga mage
  2179 | D        | Reached XP level 13. HP: 117/127 MP: 32/32
  2182 | D        | Killed a shock serpent
  2187 | D        | Killed a greater naga
  2188 | D        | Killed a naga mage
  2190 | D        | Noticed a naga
  2190 | D        | Killed a naga mage
  2190 | D        | Reached skill level 5 in Dodging
  2192 | D        | Noticed an anaconda
  2193 | D        | Killed a naga
  2194 | D        | Killed a naga
  2196 | D        | Killed an anaconda
  2209 | D        | Noticed a swamp drake
  2209 | D        | Noticed a spiny frog
  2209 | D        | Noticed a spriggan rider
  2209 | D        | Noticed a thorn hunter
  2209 | D        | Noticed a thorn hunter
  2211 | D        | Killed a swamp drake
  2212 | D        | Killed a spiny frog
  2213 | D        | Killed a spriggan rider
  2213 | D        | Killed a wasp
  2216 | D        | Killed a thorn hunter
  2223 | D        | Killed a thorn hunter
  2227 | D        | Noticed a water moccasin
  2228 | D        | Noticed a spriggan rider
  2234 | D        | Killed a water moccasin
  2235 | D        | Killed a spriggan
  2237 | D        | Killed a wasp
  2323 | D        | Noticed Maurice
  2328 | D        | Killed Maurice
  2400 | D        | Noticed a fire dragon
  2400 | D        | Noticed a boggart
  2400 | D        | Noticed a deep troll shaman
  2400 | D        | Noticed a stone giant
  2400 | D        | Noticed a hell knight
  2400 | D        | Noticed a frost giant
  2400 | D        | Noticed a deep elf high priest
  2410 | D        | Noticed a vampire mage
  2419 | D        | Killed a fire dragon
  2429 | D        | Killed a boggart
  2430 | D        | Noticed a red very ugly thing
  2438 | D        | Killed a deep troll shaman
  2440 | D        | Noticed a death yak
  2444 | D        | Killed a stone giant
  2444 | D        | Reached skill level 10 in Dodging
  2463 | D        | Noticed an ice dragon
  2464 | D        | Noticed a yaktaur captain
  2473 | D        | Killed a hell knight
  2711 | D        | Killed a frost giant
  2738 | D        | Killed a deep elf high priest
  2778 | D        | Killed a vampire mage
  2901 | D        | Killed a red very ugly thing
  2918 | D        | Killed a death yak
  2927 | D        | Gained mutation: Potions and wands are less effective at restoring your health. [mutagenic meat]
  2928 | D        | Lost mutation: You are covered in fur (AC +1). [mutagenic meat]
  2929 | D        | Gained mutation: Scrolls take you a little longer to read. [mutagenic meat]
  2950 | D        | Killed an ice dragon
  2991 | D        | Killed a yaktaur captain
  2999 | D        | Noticed a hill giant
  3001 | D        | Noticed a boggart
  3008 | D        | Killed a hill giant
  3013 | D        | Noticed a stone giant
  3015 | D        | Noticed a vampire
  3016 | D        | Gained mutation: Your skin changes colour to match your surroundings (Stealth). [evolution]
  3016 | D        | Lost mutation: You evolve. [end of evolution]
  3023 | D        | Killed a boggart
  3039 | D        | Killed a stone giant
  3045 | D        | Killed a vampire
  3154 | D        | Noticed a rakshasa
  3155 | D        | Noticed a giant orange brain
  3171 | D        | Killed a rakshasa
  3178 | D        | Killed a giant orange brain
  3178 | D        | Reached skill level 15 in Dodging
  3178 | D        | Reached XP level 14. HP: 135/135 MP: 33/33
  3186 | D        | Noticed a vault sentinel
  3186 | D        | Noticed a harpy
  3186 | D        | Noticed a vampire mosquito
  3186 | D        | Noticed an ironheart preserver
  3186 | D        | Noticed an ironheart preserver
  3186 | D        | Noticed a yaktaur captain
  3186 | D        | Noticed a deep elf knight
  3243 | D        | Noticed a boggart
  3257 | D        | Killed a vault sentinel
  3263 | D        | Noticed a vault sentinel
  3267 | D        | Killed a harpy
  3268 | D        | Killed a vampire mosquito
  3270 | D        | Noticed a necromancer
  3271 | D        | Killed an ironheart preserver
  3279 | D        | Noticed a vault sentinel
  3281 | D        | Killed an ironheart preserver
  3282 | D        | Noticed a wolf spider
  3286 | D        | Killed a yaktaur captain
  3287 | D        | Noticed an ironbrand convoker
  3303 | D        | Noticed a cyan ugly thing
  3307 | D        | Killed a boggart
  3307 | D        | Killed a deep elf knight
  3309 | D        | Noticed an orc knight
  3311 | D        | Killed a necromancer
  3312 | D        | Noticed a vault warden
  3322 | D        | Killed a vault sentinel
  3323 | D        | Noticed a freezing wraith
  3335 | D        | Killed a vault sentinel
  3343 | D        | Noticed a redback
  3346 | D        | Killed a wolf spider
  3347 | D        | Noticed an ironbrand convoker
  3355 | D        | Killed an ironbrand convoker
  3362 | D        | Noticed an ironbrand convoker
  3363 | D        | Killed a cyan ugly thing
  3371 | D        | Killed an orc knight
  3382 | D        | Killed a vault warden
  3383 | D        | Noticed a deep elf master archer
  3383 | D        | Noticed a vault guard
  3383 | D        | Noticed an orb of fire
  3389 | D        | HP: 6/148 [deep elf master archer/arrow (2)]
  3390 | D        | Shot with an arrow by a deep elf master archer

Action                   |  1- 3 |  4- 6 |  7- 9 | 10-12 | 13-15 || total
-------------------------+-------+-------+-------+-------+-------++-------
Melee: Long sword        |    50 |       |       |    59 |    73 ||   182
       Scimitar          |     3 |     9 |    77 |   378 |   139 ||   606
       Great sword       |       |       |       |       |   154 ||   154
Invok: Greater Servant o |       |       |     1 |     2 |     3 ||     6
Evoke: Wand              |     1 |     5 |     1 |     2 |       ||     9
  Use: Scroll            |       |       |     2 |     3 |     2 ||     7
       Potion            |       |       |       |     7 |     2 ||     9
  Eat: Chunk             |       |       |       |    15 |     5 ||    20
       Bread ration      |       |       |       |       |     1 ||     1
